 Dungeon Crawl Stone Soup version 0.28-a0-239-g68911e0c57 (webtiles) character file.

Game seed: 13546859196937659456

42 tilp the Sneak (level 3, 15/15 HPs)
             Began as a Felid Hedge Wizard on Aug 23, 2021.
             Was an Initiate of Sif Muna.
             Quit the game on level 4 of the Dungeon.
             The game lasted 00:08:13 (5642 turns).

tilp the Sneak (Felid Hedge Wizard)                 Turns: 5642, Time: 00:08:14

Health: 15/15      AC:  1    Str:  6    XL:     3   Next: 33%
Magic:  8/8        EV: 18    Int: 16    God:    Sif Muna [......]
Gold:   136        SH:  5    Dex: 15    Spells: 3/8 levels left
                                        Lives:  0   Deaths: 1

rFire   . . .      SeeInvis +     - Unarmed
rCold   . . .      Faith    .   (shield unavailable)
rNeg    . . .      Spirit   .   (armour unavailable)
rPois   .          Reflect  +   (helmet unavailable)
rElec   .          Harm     .   (cloak unavailable)
rCorr   .          Rampage  .   (gloves unavailable)
Will    .....                   (boots unavailable)
Stlth   +++.......              c - amulet of reflection
HPRegen 0.05/turn               (no ring)
MPRegen 0.11/turn               (no ring)

@: quick
A: very small, claws 1, fangs 3, see invisible, speed 1, shaggy fur 1, stealthy
paws, no weapons or thrown items, no armour, multi-lived
a: Renounce Religion


You were on level 4 of the Dungeon.
You worshipped Sif Muna.
Sif Muna was noncommittal.
You visited 1 branch of the dungeon, and saw 4 of its levels.

You collected 136 gold pieces.

Inventory:

Jewellery
 c - an amulet of reflection (around neck)
Wands
 a - a wand of iceblast (3)


   Skills:
 + Level 1.4 Fighting
 + Level 3.6 Dodging
 + Level 3.7 Stealth
 + Level 1.4 Unarmed Combat
 - Level 3.0 Spellcasting
 - Level 2.0 Conjurations
 - Level 1.0 Summonings
 - Level 1.5 Translocations


You had 3 spell levels left.
You knew the following spells:

 Your Spells              Type           Power      Damage    Failure   Level
a - Magic Dart            Conj           32%        1d4       9%          1
b - Call Imp              Summ           5%         N/A       19%         2
c - Blink                 Tloc           N/A        N/A       16%         2

Your spell library contained the following spells:

 Spells                   Type           Power      Damage    Failure   Level
 Animate Skeleton         Necr           4%         N/A       19%         1
 Static Discharge         Conj/Air       5%         N/A       19%         2
 Slow                     Hex            2%         N/A       28%         2
 Conjure Flame            Conj/Fire      5%         6-21      36%         3
 Mephitic Cloud           Conj/Pois/Air  4%         N/A       41%         3
 Dispel Undead            Necr           2%         3d7       88%         4
 Lightning Bolt           Conj/Air       2%         1d14      98%         5
 Maxwell's Capacitive Co  Air            1%         ∞         100%        8


Dungeon Overview and Level Annotations

Branches:
Dungeon (4/15)
 Temple: D:4-7

Altars:
Sif Muna

Annotations:
D:4 Dowan, Duvessa, Menkaure


Innate Abilities, Weirdness & Mutations

You have sharp claws.
You have razor-sharp teeth.
You have supernaturally acute eyesight. (SInv)
You cover ground quickly. (Speed+)
You are covered in fur. (AC +1)
Your paws help you pounce on unaware monsters.
You are incapable of wielding weapons or throwing items.
You cannot wear armour.
You gain extra lives every three experience levels.


Message History

There is a stone staircase leading down here.
You climb downwards.
Level annotation: Dowan, Duvessa, Menkaure The scorpion barely misses you.
You block the scorpion's attack.
There is a stone staircase leading up here.
Unknown command.
The scorpion misses you.
You climb upwards.
There is a stone staircase leading down here.
Casting: Magic Dart (safe; 9% risk of failure)
Confirm with . or Enter, or press ? or * to list all spells.
You blink.
Unknown command.
You start resting.
Magic restored.
There is a stone staircase leading down here.
You climb downwards.
Level annotation: Dowan, Duvessa, Menkaure
There is a stone staircase leading up here.
Unknown command.
You now have 136 gold pieces (gained 14).
You start waiting.
Menkaure is nearby!
You scratch Menkaure. You bite Menkaure, but do no damage.
Menkaure is lightly damaged.
Menkaure barely misses you.
Aiming: Iceblast
Press: ? - help, Shift-Dir - straight line The mass of ice explodes!
The iceblast engulfs Menkaure!
Menkaure partially resists.
Menkaure is moderately damaged.
Menkaure hits you!!
Ouch! That really hurt!
You die...
You are now level 3!
You rejoin the land of the living...
Found a stone staircase leading down.
Okay, then.
Unknown command.
Are you sure you want to abandon this character and quit the game? (Confirm with "yes".)

..... #..
.....##..
.....#..###
.........##
#........#
#........#
#.......>#..#
#....@.......
#.............
##......##....
#.....## .##
#.......
....###.. ##..
###. #.. #
.... # #.....
#.o# ##. ..# .


There were no monsters in sight!

Vanquished Creatures
  2 dart slugs
  2 orcs (D:3)
  2 bats
  6 endoplasms
  2 giant cockroaches
  6 goblins
  3 hobgoblins (D:1)
  7 jackals
  5 kobolds
  4 quokkas
  9 ball pythons
  2 frilled lizards
  3 rats
53 creatures vanquished.

Vanquished Creatures (collateral kills)
  An orc wizard (D:3)
  3 worms
  An orc (D:3)
5 creatures vanquished.

Vanquished Creatures (others)
  5 demonic plants (D:2)
  6 fungi (D:2)
  A plant (D:2)
  2 withered plants (D:2)
14 creatures vanquished.

Grand Total: 72 creatures vanquished

Notes
Turn   | Place    | Note
-------+----------+-------------------------------------------
     0 | D:1      | tilp the Felid Hedge Wizard began the quest for the Orb.
     0 | D:1      | Reached XP level 1. HP: 7/7 MP: 5/5
    60 | D:1      | Reached skill level 1 in Conjurations
   636 | D:1      | Reached XP level 2. HP: 11/11 MP: 2/7
   691 | D:1      | Got the Volume of Stolen Souls
   695 | D:1      | Learned a level 2 spell: Call Imp
   698 | D:1      | Learned a level 2 spell: Blink
  1676 | D:1      | Reached XP level 3. HP: 12/15 MP: 4/8
  2701 | D:2      | Reached skill level 1 in Fighting
  2701 | D:2      | Reached skill level 1 in Unarmed Combat
  3145 | D:2      | Found a faded altar of an unknown god.
  3946 | D:3      | Reached XP level 4. HP: 19/19 MP: 4/9
  4426 | D:3      | Found a shimmering blue altar of Sif Muna.
  4452 | D:3      | Became a worshipper of Sif Muna the Loreminder
  5142 | D:4      | Noticed a scorpion
  5146 | D:4      | Noticed Menkaure
  5514 | D:4      | Noticed Duvessa
  5514 | D:4      | Noticed Dowan
  5641 | D:4      | Slain by Menkaure
  5642 | D:4      | Reached XP level 3. HP: 0/15 MP: 8/8
  5642 | D:4      | Quit the game

Illustrated notes

Levels and vault maps discovered:
D:1:      mrwooster_arrival_arrow, layout_rooms
D:2:      layout_rooms, shapermc_ecumenical_altar_gd, skrybe_limestone_x
D:3:      layout_loops_ring, mainiacjoe_overflow_tiny_flanked
D:4:      layout_cave_pools, uniq_duvessa, uniq_blork_the_orc,
          uniq_crazy_yiuf_cottage, uniq_menkaure

Skill      XL: |  1  2  3 |
---------------+----------+-----
Conjurations   | 1 2 |  2.0
Stealth        | 3 |  3.7
Dodging        | 3 |  3.6
Fighting       | 1 |  1.4
Unarmed Combat | 1 |  1.4
Spellcasting   | |  3.0
Summonings     | |  1.0
Translocations | |  1.5

Action                   |  1- 3 |  4- 6 || total
-------------------------+-------+-------++-------
Melee: Unarmed           |    11 |     1 ||    12
       Bite              |       |     1 ||     1
 Cast: Magic Dart        |   140 |    20 ||   160
       Call Imp          |     7 |     6 ||    13
       Blink             |       |     2 ||     2
Evoke: Wand              |       |     1 ||     1
  Use: Scroll            |     1 |     2 ||     3
Armor: Skin              |     6 |       ||     6
Dodge: Dodged            |    52 |     8 ||    60
Block: Other             |       |     2 ||     2

Table legend: (Time is in decaauts)
 A = Elapsed time spent in this place.
 B = Non-inter-level travel time spent in this place.
 C = Inter-level travel time spent in this place.
 D = Time resting spent in this place.
 E = Time spent auto-exploring this place.
 F = Levels seen in this place.
 G = Mean time per level.
                   A        B        C        D        E       F      G
               +--------+--------+--------+--------+--------+-----+--------+
         Total |   5225 |   5034 |    191 |   2396 |   1954 |   4 | 1306.2 |
       Dungeon |   5225 |   5034 |    191 |   2396 |   1954 |   4 | 1306.2 |
               +--------+--------+--------+--------+--------+-----+--------+

Top non-repeatable levels by time:
     D:1: 2243 daAuts
     D:3: 1810 daAuts
     D:2: 1141 daAuts
     D:4: 30 daAuts
